 Dungeon Crawl Stone Soup version 0.17-a0-1793-gcbb3aa1 (webtiles) character file.

3920 4thArraOfDagon the Thaumaturge (level 10, -6/50 HPs)
             Began as a Deep Elf Fire Elementalist on Sept 9, 2015.
             Was a Believer of Vehumet.
             Mangled by wvc's ghost (12 damage)
             ... while paralysed by wvc's ghost
             ... on level 9 of the Dungeon.
             The game lasted 00:18:59 (2366 turns).

4thArraOfDagon the Thaumaturge (DEFE)               Turns: 2366, Time: 00:18:59

Health: -6/50      AC:  9    Str:  5    XL:     10   Next: 1%
Magic:  21/28      EV: -3    Int: 24    God:    Vehumet [**....]
Gold:   286        SH:  0    Dex: 15    Spells: 5 memorised, 19 levels left

rFire  + . .     SeeInvis .     q - +0 morningstar (protect)
rCold  x . .     Clarity  .     a - +0 robe
rNeg   . . .     SustAt   .     (no shield)
rPois  .         Gourm    +     p - +0 helmet
rElec  .         Spirit   .     A - +0 cloak (curse)
rCorr  .         Warding  .     (no gloves)
rMut   .         Stasis   .     (no boots)
MR     +....                    e - amulet of the gourmand
Stlth  ++........               w - ring of fire
                                C - +3 ring of evasion

@: paralysed, lethally poisoned (-6 -> -19), slowed, repel missiles, somewhat
resistant to hostile enchantments, unstealthy
A: no striking features
a: Renounce Religion


You were on level 9 of the Dungeon.
You worshipped Vehumet.
Vehumet was pleased with you.
You were not hungry.

You visited 2 branches of the dungeon, and saw 10 of its levels.
You also visited: Bailey.

You collected 286 gold pieces.

Inventory:

Hand weapons
 q - a +0 morningstar of protection (weapon)
Armour
 a - a +0 robe (worn)
 p - a +0 helmet (worn)
 A - a cursed +0 cloak (worn)
Magical staves
 x - an uncursed staff of summoning {!a}
Jewellery
 e - an amulet of the gourmand (around neck)
 h - an uncursed ring of stealth
 n - a +5 ring of strength
 o - an uncursed ring of protection from cold
 w - a ring of fire (right hand)
 C - a +3 ring of evasion (left hand)
Magical devices
 i - a wand of random effects (12)
 m - a wand of frost (31)
 y - a wand of cold (10)
Scrolls
 u - a scroll of noise {unknown}
 v - a scroll of remove curse {unknown}
 z - a scroll of teleportation {unknown}
Potions
 d - 2 potions of haste {unknown}
 k - 2 potions of magic
 r - 5 potions of lignification
 t - a potion of flight {unknown}
 B - a potion of poison {unknown}
 E - a potion of heal wounds {unknown}
Books
 b - a book of Flames

   Spells                             Type                      Level
   a - Flame Tongue                   Conjuration/Fire             1
   b - Throw Flame                    Conjuration/Fire             2
   c - Conjure Flame                  Conjuration/Fire             3
   d - Inner Flame                    Hexes/Fire                   3
   e - Sticky Flame                   Conjuration/Fire             4
   f - Fireball                       Conjuration/Fire             5
 D - a book of Air

   Spells                             Type                      Level
   a - Shock                          Conjuration/Air              1
   b - Swiftness                      Charms/Air                   2
   c - Repel Missiles                 Charms/Air                   2
   d - Static Discharge               Conjuration/Air              3
   e - Lightning Bolt                 Conjuration/Air              5
Comestibles
 c - a bread ration
 f - 20 fruits
 g - a slice of pizza
 j - a beef jerky
 l - 2 meat rations
 s - 4 chunks of flesh


   Skills:
 - Level 2.4 Dodging
 - Level 2.4 Stealth
 * Level 12.8 Spellcasting
 + Level 8.1 Conjurations
 + Level 8.9 Fire Magic


You had 19 spell levels left.
You knew the following spells:

 Your Spells              Type           Power        Failure   Level  Hunger
a - Flame Tongue          Conj/Fire      #####        1%          1    None
b - Conjure Flame         Conj/Fire      ######..     1%          3    None
c - Sticky Flame          Conj/Fire      ######..     1%          4    None
d - Fireball              Conj/Fire      ######....   3%          5    ###....
e - Repel Missiles        Chrm/Air       ###...       8%          2    None


Dungeon Overview and Level Annotations

Branches:
Dungeon (9/15)             Temple (1/1) D:5
   Lair: D:8-11         Orc: D:9-12

Altars:
Ashenzari
Cheibriados
Dithmenos
Elyvilon
Fedhas
Gozag
Kikubaaqudgha
Makhleb
Nemelex Xobeh
Okawaru
Qazlal
Ru
Sif Muna
Trog
Vehumet
Xom
Yredelemnul
Zin
The Shining One

Annotations:
D:8 luca467's ghost, experienced DsMo
D:9 wvc's ghost, powerful OgCK


Message History

You feel a surge of power!
The flame tongue hits the centaur.
You kill the centaur!
Vehumet accepts your kill.
You feel your power returning.
You have reached level 10!
Wvc's ghost misses you.
Items here: $ ( ) ? an uncursed shortbow; 13 arrows; a scroll of enchant weapon; 17 gold pieces Unknown command.
Okay, then.
Unknown command.
There is an escape hatch in the ceiling here.
Wvc's ghost hits you!!
You suddenly lose the ability to move!
Wvc's ghost hits you.
You feel yourself slow down. Wvc's ghost hits you!
* * * LOW HITPOINT WARNING * * *
You are lethally poisoned!
* * * LOW HITPOINT WARNING * * *
You feel sick. Wvc's ghost hits you!
You die...

##...... #.##.## ###
########## ##)#...##
... #.#.#
#####.......# ...#
#.#.# #....>.#....#
#..#
#.#.#####†####.##.#.#.
#.....................
#########.####.#......
###########†#
#.###...#
#......@#...# #..
.....
.#######.#####W#.###
######### .........#
#.#.#
########.#####.#(###
#........)..#
#.#####)#.#.# #.#
#.#.#.# #.# #.#.# #
#.# #.#.#


You could see wvc's ghost.

Vanquished Creatures
  Maurice (D:8)
  A troll (D:9)
  A two-headed ogre (D:8)
  6 yaks (D:9)
  Eustachio (D:4)
  A hungry ghost (D:7)
  A hippogriff (D:7)
  A black bear (D:9)
  3 ogres
  A phantom (D:8)
  3 sky beasts
  2 orc warriors
  2 centaurs (D:9)
  A big kobold (D:9)
  A giant frog (D:7)
  A killer bee (D:7)
  4 jellies (D:9)
  A centaur zombie (D:8)
  A centaur skeleton (D:7)
  3 orc priests
  2 hounds (D:7)
  5 orc wizards
  4 worker ants
  6 adders
  An adder zombie (D:6)
  2 adder skeletons
  11 orcs
  2 bats
  3 giant cockroaches
  9 goblins
  A hobgoblin (D:2)
  5 jackals
  2 quokkas
  A giant gecko zombie (D:6)
  A giant newt (D:5)
  6 kobolds
  2 rats
99 creatures vanquished.

Vanquished Creatures (others)
  An orc (D:6)
1 creature vanquished.

Grand Total: 100 creatures vanquished

Notes
Turn   | Place    | Note
--------------------------------------------------------------
     0 | D:1      | 4thArraOfDagon the Deep Elf Fire Elementalist began the quest for the Orb.
     0 | D:1      | Reached XP level 1. HP: 10/10 MP: 6/6
   186 | D:2      | Reached XP level 2. HP: 9/15 MP: 6/8
   261 | D:2      | Reached XP level 3. HP: 16/19 MP: 3/10
   266 | D:2      | Learned a level 3 spell: Conjure Flame
   295 | D:2      | Reached skill level 4 in Fire Magic
   327 | D:3      | Found a faded altar to an unknown god.
   364 | D:3      | :(
   424 | D:4      | Noticed Eustachio
   452 | D:4      | Killed Eustachio
   452 | D:4      | Reached skill level 5 in Fire Magic
   452 | D:4      | Reached XP level 4. HP: 13/24 MP: 0/12
   452 | D:4      | Reached XP level 5. HP: 15/28 MP: 0/14
   458 | D:4      | Learned a level 4 spell: Sticky Flame
   494 | D:5      | Entered Level 5 of the Dungeon
   562 | D:5      | Learned a level 5 spell: Fireball
   562 | D:5      | Found a staircase to the Ecumenical Temple.
   572 | Temple   | Entered the Ecumenical Temple
   612 | Temple   | Became a worshipper of Vehumet
   655 | D:5      | Found a blossoming altar of Fedhas.
   701 | D:5      | Reached skill level 5 in Spellcasting
   789 | D:6      | Noticed an orc warrior
   815 | D:7      | Noticed a sky beast
   834 | D:7      | Killed a sky beast
   834 | D:7      | Reached XP level 6. HP: 29/32 MP: 5/16
   894 | D:7      | Noticed an orc warrior
   914 | D:6      | Reached skill level 6 in Spellcasting
   991 | D:5      | Noticed a sky beast
   998 | D:5      | Killed a sky beast
   998 | D:5      | Reached XP level 7. HP: 24/36 MP: 3/19
  1053 | D:5      | Reached skill level 7 in Spellcasting
  1243 | D:7      | Noticed a hungry ghost
  1248 | D:7      | Killed a hungry ghost
  1303 | D:7      | Noticed a hippogriff
  1312 | D:7      | Killed a hippogriff
  1327 | D:7      | Reached skill level 8 in Spellcasting
  1327 | D:7      | Reached skill level 5 in Conjurations
  1350 | D:7      | Killed an orc warrior
  1394 | D:7      | Found an iron altar of Okawaru.
  1463 | D:7      | Acquired Vehumet's first power
  1463 | D:7      | Offered knowledge of Freeze by Vehumet.
  1489 | D:7      | Reached XP level 8. HP: 19/41 MP: 10/22
  1499 | D:8      | Noticed Maurice
  1504 | D:8      | Killed Maurice
  1504 | D:8      | Reached skill level 9 in Spellcasting
  1666 | D:8      | Noticed luca467's ghost (experienced DsMo)
  1683 | D:9      | Found a flagged portal.
  1702 | D:9      | Reached skill level 10 in Spellcasting
  1725 | Bailey   | Entered a bailey
  1749 | D:9      | Noticed wvc's ghost (powerful OgCK)
  1839 | D:7      | Found a sparkling altar of Nemelex Xobeh.
  1883 | D:8      | Noticed a two-headed ogre
  1886 | D:8      | Killed a two-headed ogre
  1886 | D:8      | Reached XP level 9. HP: 45/45 MP: 7/25
  1978 | D:9      | Reached skill level 11 in Spellcasting
  1987 | D:9      | Offered knowledge of Magic Dart by Vehumet.
  2131 | D:9      | Learned a level 2 spell: Repel Missiles
  2231 | D:9      | Reached skill level 12 in Spellcasting
  2237 | D:9      | Noticed a troll
  2256 | D:9      | Killed a troll
  2356 | D:9      | Reached XP level 10. HP: 40/50 MP: 19/28
  2363 | D:9      | Paralysed by wvc's ghost for 6 turns
  2366 | D:9      | Mangled by wvc's ghost

Vault maps used:
D:1:      lemuel_arrival_room, st_stairs_1, minmay_distorted
D:2:      first_bread, corexii_item_surrounded_by_moat
D:3:      ecumenical_altar_1
D:4:      serial_bayou_lagoon_a, minivault_26, uniq_edmund, uniq_eustachio
D:5:      temple_statues, fedhas_altar_3
D:7:      okawaru_gym_becter, dk_vineyard_3, nemelex_lonely_heart_becter
D:8:      erik_lair_orcish_takeover, uniq_grum, uniq_maurice
D:9:      david_orc_1_choice, enter_bailey_3
Temple:   kilobyte_greek_temple_18
Bailey:   bailey_polearm_2, bailey

Action                   |  1- 3 |  4- 6 |  7- 9 | 10-12 || total
-------------------------+-------+-------+-------+-------++-------
Melee: Whip              |     1 |       |       |       ||     1
       Dagger            |     4 |       |       |       ||     4
       Morningstar       |       |     3 |    47 |       ||    50
 Cast: Flame Tongue      |    35 |    18 |    57 |     1 ||   111
       Conjure Flame     |     1 |       |    14 |       ||    15
       Sticky Flame      |       |     6 |    16 |       ||    22
       Fireball          |       |       |     9 |       ||     9
       Repel Missiles    |       |       |     1 |       ||     1
Evoke: Wand              |     1 |     1 |     4 |       ||     6
  Use: Scroll            |       |     4 |     3 |       ||     7
       Potion            |       |     1 |       |       ||     1
 Stab: Sleeping          |     2 |     1 |       |       ||     3
  Eat: Chunk             |       |     1 |     7 |       ||     8
